Map: Neon Violet Square LE

Players

Dessa - Winner!

  • Race: Zerg Zerg
  • League: Diamond
  • Spawn Location: 5:00

Café

  • Race: Terran Terran
  • League: Diamond
  • Spawn Location: 11:00

VOD

Have the link to the VOD?

Description

Time

  • Played on: Dec. 8, 2017, 1:33 p.m.
  • Length: 14:02
Show
View Real Time Build Order
Export as new Build Order

Dessa Zerg - Winner!

Build Orders: Hatch First 

Get SALT Encoding   

  12  0:01  Drone  
  13  0:13  Overlord  
  13  0:19  Drone  
  14  0:31  Drone x2  
  14  0:35  Drone  
  17  0:46  Drone  
  18  0:57  Hatchery  
  18  1:01  Drone  
  18  1:15  Spawning Pool  
  18  1:17  Drone  
  18  1:21  Extractor  
  18  1:22  Drone  
  18  1:29  Drone  
  19  1:39  Drone  
  20  1:50  Overlord  
  20  2:01  Drone  
  21  2:07  Queen  
  23  2:09  Drone  
  24  2:15  Queen  
  24  2:17  Zergling x2  
  24  2:20  Drone  
  24  2:21  Metabolic Boost  
  28  2:25  Drone  
  29  2:35  Drone x2  
  31  2:43  Overlord, Queen  
  33  2:53  Queen  
  33  2:55  Drone  
  33  2:57  Overlord  
  36  3:03  Drone x2  
  38  3:08  Drone, Extractor  
  38  3:16  Drone  
  38  3:17  Drone  
  40  3:25  Lair  
  41  3:27  Zergling x4  
  41  3:28  Drone x4  
  41  3:32  Overlord  
  46  3:43  Drone x2, Extractor  
  46  3:44  Extractor  
  46  3:55  Evolution Chamber  
  44  4:04  Drone x3  
  44  4:05  Overlord  
  47  4:20  Hatchery  
  47  4:24  Spore Crawler  
  45  4:26  Spore Crawler  
  44  4:40  Drone x3  
  44  4:41  Drone x3  
  44  4:42  Overlord  
  49  5:03  Zerg Melee Weapons Level 1  
  49  5:04  Drone x3  
  52  5:07  Drone, Spire  
  52  5:18  Drone x3, Overlord  
  55  5:22  Spore Crawler  
  55  5:28  Queen  
  56  5:32  Queen  
  56  5:34  Drone  
  56  5:35  Drone x3  
  62  5:50  Drone x4  
  62  5:51  Drone x4  
  70  6:04  Extractor, Overlord  
  70  6:05  Overlord  
  70  6:06  Extractor  
  68  6:20  Drone x4  
  68  6:21  Mutalisk x5, Overlord  
  68  6:24  Zerg Flyer Weapons Level 1  
  82  6:30  Zergling x4  
  83  6:41  Zergling x16  
  83  6:43  Queen x3  
  89  7:14  Mutalisk x3  
  95  7:16  Zergling x2, Mutalisk x2, Overlord x2  
  95  7:17  Mutalisk x4  
  108  7:25  Zergling x4  
  108  7:29  Drone  
  111  7:30  Infestation Pit  
  111  7:32  Zergling x4  
  112  7:50  Zerg Melee Weapons Level 2  
  112  8:06  Zergling x10  
  112  8:07  Zergling x2  
  112  8:08  Drone x3  
  112  8:09  Drone x3  
  112  8:10  Drone x4  
  112  8:11  Overlord x2  
  128  8:16  Hive  
  128  8:18  Evolution Chamber  
  127  8:29  Hatchery  
  124  8:40  Roach Warren  
  123  8:43  Zergling x12  
  123  8:44  Zergling x4  
  129  9:16  Zergling x2, Mutalisk  
  129  9:17  Zergling x2, Mutalisk  
  113  9:36  Zergling x14  
  113  9:37  Zergling x2  
  121  9:40  Drone  
  121  9:42  Ultralisk Cavern  
  121  9:49  Glial Reconstitution  
  121  9:50  Evolution Chamber  
  120  10:10  Zerg Melee Weapons Level 3, Zerg Ground Armor Level 1  
  121  10:19  Adrenal Glands  
  121  10:21  Overlord x2  
  121  10:23  Drone x3  
  121  10:24  Drone  
  121  10:27  Overlord x2  
  125  10:31  Greater Spire  
  125  10:33  Viper x2  
  125  10:34  Viper x2  
  135  10:46  Ultralisk x2  
  135  10:47  Ultralisk  
  135  10:48  Overlord x2  
  149  10:51  Extractor  
  149  10:53  Extractor  
  147  10:58  Zergling x34  
  147  10:59  Zergling x8  
  168  11:24  Hydralisk Den  
  167  11:35  Viper x2  
  167  11:37  Zergling x12  
  179  12:15  Extractor  
  178  12:18  Extractor, Hatchery, Chitinous Plating  
  178  12:21  Ultralisk x2  
  188  12:36  Overlord x2  
  188  12:37  Zergling x6  
  188  12:38  Zergling x2  
Show
View Real Time Build Order
Export as new Build Order

Café Terran 

Build Orders: 1/1/1, MMM Bio, Banshee Rush 

Get SALT Encoding   

  12  0:01  SCV  
  13  0:13  SCV  
  14  0:19  Supply Depot  
  14  0:25  SCV  
  15  0:31  Refinery  
  15  0:40  SCV  
  16  0:47  Barracks  
  16  0:53  SCV  
  17  1:05  SCV  
  17  1:09  Refinery  
  18  1:17  SCV, Supply Depot  
  19  1:29  SCV  
  20  1:41  SCV  
  20  1:44  Factory  
  21  1:47  Marine  
  21  1:53  SCV  
  23  2:05  Orbital Command  
  23  2:12  Marine  
  24  2:28  Factory Tech Lab, Starport  
  24  2:31  SCV  
  24  2:34  Supply Depot  
  25  2:38  Marine  
  25  2:43  SCV  
  27  2:47  Supply Depot  
  27  2:55  SCV  
  27  2:56  Marine  
  29  3:07  SCV  
  29  3:11  Banshee, Cloaking Field  
  33  3:15  Marine  
  33  3:27  SCV  
  33  3:31  Factory Tech Lab  
  34  3:41  Marine  
  35  3:54  Banshee  
  38  3:55  Command Center  
  38  4:10  SCV  
  38  4:11  Bunker  
  38  4:15  Siege Tank  
  42  4:18  Marine  
  42  4:22  Supply Depot  
  43  4:29  SCV  
  44  4:41  SCV  
  45  4:47  Siege Tank  
  48  4:52  Marine  
  48  4:54  SCV  
  50  5:03  Refinery  
  50  5:06  SCV  
  51  5:10  Marine  
  51  5:12  Barracks  
  52  5:14  Barracks  
  52  5:16  Orbital Command  
  52  5:18  SCV  
  53  5:30  SCV, Barracks Tech Lab  
  53  5:31  Siege Tank  
  53  5:32  Medivac  
  59  5:42  SCV  
  57  5:48  Marine  
  58  5:53  Stimpack  
  58  5:54  SCV  
  59  6:00  Barracks  
  59  6:02  Medivac  
  59  6:03  Supply Depot  
  61  6:06  Barracks Tech Lab  
  61  6:07  Barracks Reactor  
  61  6:23  Siege Tank  
  64  6:26  SCV x2  
  64  6:31  Refinery  
  64  6:32  Medivac  
  66  6:38  SCV x2  
  65  7:05  Engineering Bay  
  51  7:11  Marine  
  51  7:12  Marine x4  
  51  7:18  SCV  
  51  7:19  SCV  
  51  7:27  Combat Shields  
  51  7:29  Viking, Marine x2  
  54  7:30  Marine x3  
  54  7:32  Missile Turret  
  54  7:33  Command Center  
  58  7:39  Terran Infantry Weapons Level 1  
  58  7:42  Missile Turret  
  58  7:44  Missile Turret  
  55  7:47  Marine x3  
  55  7:48  Marine  
  55  7:49  Marine  
  59  7:59  Viking  
  59  8:05  Marine x3  
  62  8:06  Marine  
  62  8:09  Missile Turret  
  62  8:12  Missile Turret  
  64  8:14  Marine  
  64  8:16  Missile Turret  
  65  8:23  Marine x3  
  68  8:34  Marine x2  
  67  8:35  Supply Depot x2  
  67  8:40  Marine  
  67  8:41  Marine  
  71  8:42  Missile Turret  
  71  8:45  SCV x2  
  73  8:54  Marine x2  
  75  9:00  Barracks Reactor  
  70  9:18  Marine x2  
  70  9:19  Marine  
  70  9:20  Orbital Command  
  70  9:22  SCV x2  
  62  9:34  SCV  
  62  9:35  Missile Turret  
  60  9:47  Missile Turret  
  60  9:54  Terran Infantry Armor Level 1  
  60  10:00  Armory  
  60  10:03  SCV x3  
  63  10:13  Missile Turret  
  63  10:15  SCV x3  
  63  10:20  Marauder  
  68  10:27  SCV x2  
  68  10:28  SCV  
  71  10:30  Refinery  
  71  10:34  Factory  
  71  10:39  SCV  
  71  10:40  SCV  
  71  10:41  Marauder  
  75  10:45  Missile Turret  
  73  10:56  Marine x2  
  73  10:57  Marine x2  
  75  10:58  Thor  
  75  11:00  Terran Vehicle Weapons Level 1  
  83  11:08  Factory  
  83  11:10  Refinery  
  83  11:26  Factory Tech Lab  
  83  11:30  Marauder, Marine  
  86  11:41  Thor  
  91  11:51  Marauder  
  91  11:53  Factory  
  93  11:56  Starport Reactor  
  93  11:58  Factory Tech Lab  
  93  11:59  Thor  
  99  12:09  Starport  
  98  12:35  Viking  
  98  12:36  Viking  
  102  12:45  Thor  
  108  13:04  Viking, Thor  
  108  13:05  Supply Depot  
  116  13:06  Supply Depot  
  116  13:09  Supply Depot  
  122  13:27  Marine x2  
  122  13:29  Supply Depot x2, Marine  
Tags
 
Composition
MMM Bio
Matchup
TvZ
Replay Pack
2017S4
Spawn Locations
Cross Positions
Strategy
Banshee Rush
Add a new tag
Caveats
  • Supply blocks, unpowered buildings, or Contaminate may cause inaccurate times.
  • Supply counts are checked every 10 seconds.